 Dungeon Crawl Stone Soup version 0.16.2-2-g470672f (webtiles) character file.

1631 CrazyArbalest the Quickloader (level 8, 0/63 HPs)
             Began as a Centaur Hunter on Aug 23, 2015.
             Shot with a sling bullet by Joseph (2 damage)
             ... on level 7 of the Dungeon.
             The game lasted 00:43:44 (8745 turns).

CrazyArbalest the Quickloader (Centaur Hunter)      Turns: 8745, Time: 00:43:46

Health: 0/63       AC:  7    Str: 16    XL:     8   Next: 65%
Magic:  6/6        EV:  9    Int: 10    God:
Gold:   360        SH:  0    Dex: 11    Spells: 0 memorised, 7 levels left

rFire  . . .     SeeInvis .     b - +1 hand crossbow
rCold  . . .     Clarity  .     C - +0 ring mail
rNeg   . . .     SustAb   .     (no shield)
rPois  .         Gourm    .     (no helmet)
rElec  .         Spirit   .     w - +0 cloak
rCorr  .         Warding  .     (no gloves)
rMut   .         Stasis   .     (no barding)
MR     .....                    (no amulet)
Stlth  ..........               (no ring)
                                (no ring)

@: very quick, not resistant to hostile enchantments, extremely unstealthy
A: hooves 3, deformed body, speed 2, tough skin 3
a: no special abilities


You were on level 7 of the Dungeon.
You were not hungry.

You visited 2 branches of the dungeon, and saw 8 of its levels.

You collected 360 gold pieces.

Inventory:

Hand weapons
 a - a +0 flail
 b - a +1 hand crossbow (weapon)
 x - a +4 quarterstaff of chaos
 y - a +0 flail
 D - a +1 flail of protection
Missiles
 c - 89 bolts
 n - 6 bolts of frost (quivered)
Armour
 d - a +0 leather armour
 j - a cursed +0 chain mail
 r - a +0 cloak
 w - a +0 cloak (worn)
 C - a +0 ring mail (worn)
 M - a +1 plate armour of poison resistance
 O - a +0 cloak
 Q - a +0 ring mail
Jewellery
 E - an uncursed amulet of guardian spirit {unknown}
 I - an uncursed amulet of resist corrosion {unknown}
 N - an uncursed ring of protection from magic {unknown}
Magical devices
 t - a wand of polymorph (15)
Scrolls
 e - 6 scrolls of remove curse {unknown}
 h - 4 scrolls of teleportation {unknown}
 i - 3 scrolls of noise {unknown}
 l - 2 scrolls of amnesia {unknown}
 m - a scroll of enchant weapon {unknown}
 u - 6 scrolls of identify {unknown}
 v - 3 scrolls of blinking {unknown}
 z - a scroll of fear {unknown}
 A - 2 scrolls of enchant armour {unknown}
 B - a scroll of immolation {unknown}
 L - a scroll of random uselessness {unknown}
Potions
 g - 2 potions of heal wounds {unknown}
 k - 3 potions of restore abilities {unknown}
 G - a potion of might {unknown}
 H - a potion of poison {unknown}
 J - 3 potions of curing {unknown}
Books
 o - Sif Muna's Grimoire of Sinister Rites
   (You found it on level 2 of the Dungeon)

   Spells                             Type                      Level
   a - Animate Skeleton               Necromancy                   1
 p - Kikubaaqudgha's Handbook of Evil
   (You found it on level 2 of the Dungeon)

   Spells                             Type                      Level
   a - Animate Skeleton               Necromancy                   1
 q - Vehumet's Incunabulum of Confrontation
   (You found it on level 2 of the Dungeon)

   Spells                             Type                      Level
   a - Magic Dart                     Conjuration                  1
 K - a book of Hinderance

   Spells                             Type                      Level
   a - Confusing Touch                Hexes                        2
   b - Confuse                        Hexes                        3
   c - Petrify                        Transmutation/Earth          4
   d - Metabolic Englaciation         Hexes/Ice                    5
   e - Gell's Gravitas                Hexes/Translocation          5
   f - Summon Mana Viper              Hexes/Summoning              5
Comestibles
 f - 4 bread rations
 s - a meat ration
 F - 3 beef jerkies


   Skills:
 + Level 3.3 Fighting
 + Level 1.8 Maces & Flails
 * Level 10.5 Crossbows
 + Level 2.5 Armour
 + Level 3.2 Dodging
 + Level 0.9 Stealth


You had 7 spell levels left.
You didn't know any spells.

Dungeon Overview and Level Annotations

Branches:
Dungeon (7/15)             Temple (1/1) D:4

Altars:
Ashenzari
Cheibriados
Dithmenos
Elyvilon
Fedhas
Kikubaaqudgha
Makhleb
Nemelex Xobeh
Okawaru
Qazlal
Ru
Sif Muna
Trog
Vehumet
Xom
Yredelemnul
The Shining One
Lugonu

Annotations:
D:6 Sigmund
D:7 Joseph


Innate Abilities, Weirdness & Mutations

You have hooves in place of feet.
Armour fits poorly on your strangely shaped body.
You cover ground very quickly.
You have extremely tough skin (AC +3).


Message History

Joseph shoots a sling bullet.
The sling bullet hits you. The sling bullet burns you.
Firing (i - inventory. (,) - cycle):
n - 8 bolts of frost (quivered)
Press: ? - help, Shift-Dir - straight line, f/p - Joseph
Aim: Joseph, wielding a hunting sling of flaming and wearing a leather armour (severely wounded)
You shoot a bolt of frost. The bolt of frost hits Joseph!
The bolt of frost freezes Joseph.
Joseph is almost dead.
Joseph shoots a sling bullet.
The sling bullet hits you! The sling bullet burns you.
Firing (i - inventory. (,) - cycle):
n - 7 bolts of frost (quivered)
Press: ? - help, Shift-Dir - straight line, f/p - Joseph
Aim: Joseph, wielding a hunting sling of flaming and wearing a leather armour (almost dead)
You shoot a bolt of frost. The bolt of frost hits Joseph.
The bolt of frost freezes Joseph.
Joseph is almost dead.
Joseph shoots a sling bullet.
The sling bullet hits you!
* * * LOW HITPOINT WARNING * * *
The sling bullet burns you.
You die...

##..##...# #)## #.#
#..###...## ##..# ###
..## #...)## #...# ..#
#.....###^.## ..##
#..........# #..#
##..########
#..###...##########
#..##......#......####
.####...@.......@....#
## #...##############
# #...# #...##
#....#########
####..).(......).
##......#######.@#
...#...[.##
..###>##..##


You could see Joseph.

Vanquished Creatures
  A water moccasin (D:7)
  A phantom (D:5)
  An orc warrior (D:6)
  4 ogres
  Duvessa (D:6)
  2 giant frogs
  A scorpion (D:6)
  A water moccasin skeleton (D:7)
  A crimson imp (D:5)
  A centaur zombie (D:5)
  Dowan (D:6)
  5 hounds
  A giant frog zombie (D:7)
  Crazy Yiuf (D:3)
  An orc priest (D:6)
  A giant frog skeleton (D:6)
  2 orc wizards
  2 worker ants
  A hound zombie (D:7)
  2 worker ant zombies (D:7)
  7 adders
  3 worms
  3 shadow imps
  6 giant geckos
  An ooze (D:3)
  23 orcs
  A bat skeleton (D:5)
  A bat zombie (D:7)
  4 giant cockroaches
  6 goblins
  17 hobgoblins
  8 kobolds
  A quokka (D:6)
  A ball python (D:4)
  7 bats
  A giant gecko zombie (D:5)
  2 giant newts (D:2)
  An orc zombie (D:5)
  7 rats
131 creatures vanquished.

Notes
Turn   | Place    | Note
--------------------------------------------------------------
     0 | D:1      | CrazyArbalest, the Centaur Hunter, began the quest for the Orb.
     0 | D:1      | Reached XP level 1. HP: 17/17 MP: 1/1
   278 | D:1      | Reached XP level 2. HP: 16/24 MP: 2/2
   656 | D:2      | Reached skill level 5 in Crossbows
   838 | D:2      | Found a deep blue altar of Sif Muna.
   842 | D:2      | Identified Sif Muna's Grimoire of Sinister Rites
   846 | D:2      | Found an ancient bone altar of Kikubaaqudgha.
   850 | D:2      | Identified Kikubaaqudgha's Handbook of Evil
   854 | D:2      | Found a radiant altar of Vehumet.
   858 | D:2      | Identified Vehumet's Incunabulum of Confrontation
   930 | D:2      | Reached XP level 3. HP: 29/29 MP: 3/3
  1731 | D:3      | Found a shattered altar of Ashenzari.
  1855 | D:3      | Found a shimmering altar of Xom.
  1961 | D:3      | Found a white marble altar of Elyvilon.
  1961 | D:3      | Found a burning altar of Makhleb.
  1961 | D:3      | Found a basalt altar of Yredelemnul.
  2059 | D:2      | Reached XP level 4. HP: 36/36 MP: 3/3
  2281 | D:3      | Found a blossoming altar of Fedhas.
  2387 | D:3      | Noticed Crazy Yiuf
  2444 | D:3      | Killed Crazy Yiuf
  2923 | D:4      | Noticed an ogre
  2970 | D:4      | Reached skill level 6 in Crossbows
  2970 | D:4      | Reached XP level 5. HP: 7/42 MP: 4/4
  3106 | D:4      | Killed an ogre
  3106 | D:4      | Reached skill level 1 in Maces & Flails
  3106 | D:4      | Reached skill level 1 in Armour
  3817 | D:4      | Reached XP level 6. HP: 45/50 MP: 5/5
  4166 | D:4      | Found a staircase to the Ecumenical Temple.
  4177 | Temple   | Entered the Ecumenical Temple
  4343 | D:4      | Reached skill level 7 in Crossbows
  4372 | D:4      | Noticed an ogre
  4423 | D:4      | Killed an ogre
  4605 | D:5      | Entered Level 5 of the Dungeon
  4644 | D:4      | Reached XP level 7. HP: 42/56 MP: 5/5
  4780 | D:5      | Reached skill level 8 in Crossbows
  5937 | D:5      | Reached skill level 9 in Crossbows
  6258 | D:6      | Reached XP level 8. HP: 61/63 MP: 6/6
  6738 | D:6      | Noticed Sigmund
  7723 | D:6      | Noticed Duvessa
  7723 | D:6      | Noticed Dowan
  7753 | D:6      | Killed Dowan
  7800 | D:6      | Killed Duvessa
  7800 | D:6      | Reached skill level 10 in Crossbows
  8611 | D:7      | Noticed Joseph
  8745 | D:7      | HP: 2/63 [Joseph/sling bullet (17)]
  8745 | D:7      | Shot with a sling bullet by Joseph

Action                   |  1- 3 |  4- 6 |  7- 9 || total
-------------------------+-------+-------+-------++-------
Melee: Club              |    62 |       |       ||    62
       Short sword       |     4 |       |       ||     4
       Mace              |    36 |     4 |       ||    40
       Flail             |       |    25 |   202 ||   227
 Fire: Hand crossbow     |    13 |    89 |   133 ||   235
  Eat: Chunk             |     2 |     7 |    10 ||    19
